 Dungeon Crawl Stone Soup version 0.29-a0-284-gf9362112df (webtiles) character file.

Game seed: 7269992961331966820

40277 bjtr the Arsonist (level 13, -13/83 HPs)
             Began as a Demonspawn Fire Elementalist on Mar 15, 2022.
             Was a High Priest of Vehumet.
             Mangled by a storm dragon simulacrum (19 damage)
             ... in an ice cave.
             The game lasted 02:34:07 (25418 turns).

bjtr the Arsonist (Demonspawn Fire Elementalist)   Turns: 25418, Time: 02:34:08

Health: -13/83     AC: 19    Str: 17    XL:     13   Next: 73%
Magic:  28/28      EV: 11    Int: 29    God:    Vehumet [*****.]
Gold:   1389       SH:  0    Dex: 13    Spells: 3/35 levels left

rFire   . . .      SeeInvis +   a - +8 mace of Valuable Assets {elec, Str+2 SInv}
rCold   + . .      Faith    .   (no shield)
rNeg    + . .      Spirit   .   f - +3 acid dragon scales
rPois   +          Reflect  .   Z - +2 helmet {Int+3}
rElec   .          Harm     .   o - +2 cloak of Midwinter {Str+2 SInv}
rCorr   +          Rampage  .   (no gloves)
Will    .....                   (no boots)
Stlth   ++........              P - amulet of the acrobat
HPRegen 0.23/turn               E - ring of Sudiemn {Fly rC+ Slay+2 Stlth+}
MPRegen 0.21/turn               O - ring "Vuni" {Wiz rPois rN+ Str+4 Int+4}

@: confused, ambrosia-drunk, flying
A: hooves 2, yellow scales 1, demonic magic 3
a: Renounce Religion


You were in an ice cave.
You worshipped Vehumet.
Vehumet was extremely pleased with you.
You visited 2 branches of the dungeon, and saw 16 of its levels.
You also visited: Bailey and Ice Cave.

You collected 2875 gold pieces.
You spent 1486 gold pieces at shops.

Inventory:

Hand Weapons
 a - the +8 mace of Valuable Assets (weapon) {elec, Str+2 SInv}
   (You found it on level 3 of the Dungeon)

   It occasionally discharges a powerful burst of electricity upon striking a
   foe.
   Str:       It affects your strength (+2).
   SInv:      It lets you see invisible.
 b - the +5 hunting sling of Ylonk {vorpal, rPois}
   (You bought it in a shop on level 7 of the Dungeon)

   Any ammunition fired from it inflicts extra damage upon your enemies.
   rPois:     It protects you from poison.
 i - the +7 flail "Vanuosm" {freeze, rF+ Will- Int+5 Dex-3}
   (You found it on level 10 of the Dungeon)

   It freezes those it strikes, dealing additional cold damage.
   It can also slow down cold-blooded creatures.
   Int:       It affects your intelligence (+5).
   Dex:       It affects your dexterity (-3).
   rF:        It protects you from fire.
   Will:      It decreases your willpower.
 j - the +14 obsidian axe {vorpal, Mesm Drain Fly SInv}
   (You took it off a goblin in a bailey)

   It inflicts extra damage upon your enemies.
   It occasionally summons demons to assist the wielder when it strikes in
   combat.
   Its wielder is mesmerised by any visible foes.
   It cannot be unequipped while any foes are visible.
   SInv:      It lets you see invisible.
   Fly:       It grants you flight.
   Drain:     It drains your maximum health when unequipped.
 r - a +1 longbow of freezing
 v - a +3 double sword of electrocution
 A - a +1 demon trident of venom
 H - a +0 scimitar of flaming
Missiles
 x - 7 silver javelins
 B - a throwing net
 I - 3 curare-tipped darts
 V - 3 silver boomerangs
Armour
 f - +3 acid dragon scales (worn)
 o - the +2 cloak of Midwinter (worn) {Str+2 SInv}
   (You bought it in a shop on level 10 of the Dungeon)

   Str:       It affects your strength (+2).
   SInv:      It lets you see invisible.
 L - a +0 tower shield
 Z - a +2 helmet of intelligence (worn)
Magical Staves
 X - a staff of earth
Jewellery
 e - the amulet of Zorotz {Faith Fragile +Inv rF+ rN+++ Will-}
   (You acquired it in the Ecumenical Temple)

   [amulet of faith]

   It allows you to gain divine favour quickly.
   rF:        It protects you from fire.
   rN:        It renders you almost immune to negative energy.
   +Inv:      It lets you turn invisible.
   Fragile:   It will be destroyed if unequipped.
   Will:      It decreases your willpower.
 h - a ring of protection from fire
 E - the ring of Sudiemn (left hand) {Fly rC+ Slay+2 Stlth+}
   (You acquired it on level 11 of the Dungeon)

   [ring of flight]

   Slay:      It affects your accuracy & damage with ranged weapons and melee
   (+2).
   rC:        It protects you from cold.
   Fly:       It grants you flight.
   Stlth:     It makes you more stealthy.
 G - a +6 ring of intelligence
 J - a ring of protection from cold
 N - a ring of wizardry
 O - the ring "Vuni" (right hand) {Wiz rPois rN+ Str+4 Int+4}
   (You bought it in a shop on level 7 of the Dungeon)

   [ring of wizardry]

   It improves your spell success rate.
   Str:       It affects your strength (+4).
   Int:       It affects your intelligence (+4).
   rPois:     It protects you from poison.
   rN:        It protects you from negative energy.
 P - an amulet of the acrobat (around neck)
Wands
 c - a wand of acid (7)
 m - a wand of flame (45)
 t - a wand of polymorph (8)
 y - a wand of charming (3)
 R - a wand of paralysis (13)
Scrolls
 d - 2 scrolls of fog
 n - 4 scrolls of vulnerability
 p - a scroll of brand weapon
 z - 3 scrolls of fear
 D - a scroll of magic mapping
 F - a scroll of immolation
 K - 9 scrolls of teleportation
 M - 3 scrolls of identify
 Q - a scroll of amnesia
Potions
 g - 3 potions of brilliance
 k - a potion of might
 q - 5 potions of curing
 s - a potion of heal wounds
 u - 4 potions of ambrosia
 w - 4 potions of cancellation
 C - 4 potions of mutation
Miscellaneous
 l - a phantom mirror


   Skills:
 + Level 1.8 Fighting
 + Level 6.2 Armour
 + Level 2.0 Dodging
 - Level 1.7 Stealth
 + Level 11.9 Spellcasting
 * Level 8.2 Conjurations
 * Level 13.3 Fire Magic
 - Level 2.0 Air Magic
 * Level 10.1 Poison Magic


You had 3 spell levels left.
You knew the following spells:

 Your Spells              Type           Power      Damage    Failure   Level
a - Foxfire               Conj/Fire      100%       2x1d9     1%          1
b - Scorch                Fire           100%       2d10      1%          2
c - Searing Ray           Conj           100%       2d8       1%          2
d - Conjure Flame         Conj/Fire      68%        6-21      1%          3
e - Summon Small Mammal   Summ           68%        N/A       1%          1
f - Mephitic Cloud        Conj/Pois/Air  54%        N/A       1%          3
g - Ignite Poison         Fire/Tmut/Pois 58%        N/A       1%          3
h - Flame Wave            Conj/Fire      68%        2d13      1%          4
i - Olgreb's Toxic Radia  Pois           66%        N/A       1%          4
j - Iskenderun's Mystic   Conj/Tloc      41%        2d9       1%          4
k - Irradiate             Conj/Tmut      20%        3d20      2%          5

Your spell library contained the following spells:

 Spells                   Type           Power      Damage    Failure   Level
 Orb of Destruction       Conj           30%        9d10      13%         7
 Animate Skeleton         Necr           34%        N/A       1%          1
 Apportation              Tloc           34%        N/A       1%          1
 Magic Dart               Conj           100%       1d8       1%          1
 Slow                     Hex            68%        N/A       1%          1
 Sting                    Tmut/Pois      100%       1d8       1%          1
 Poisonous Vapours        Pois/Air       100%       N/A       1%          2
 Dazzling Flash           Conj/Hex       82%        N/A       1%          3
 Inner Flame              Hex/Fire       54%        N/A       1%          3
 Call Canine Familiar     Summ           17%        N/A       4%          3
 Confusing Touch          Hex            17%        N/A       4%          3
 Ozocubu's Armour         Ice            17%        N/A       4%          3
 Portal Projectile        Hex/Tloc       34%        N/A       4%          3
 Vampiric Draining        Necr           17%        2d7       4%          3
 Fulminant Prism          Conj/Hex       20%        3d13      1%          4
 Starburst                Conj/Fire      34%        6d10      1%          6
 Freezing Cloud           Conj/Ice/Air   18%        6-21      3%          5
 Leda's Liquefaction      Hex/Erth       8%         N/A       16%         4
 Blade Hands              Tmut           8%         N/A       41%         5
 Excruciating Wounds      Necr           8%         N/A       41%         5
 Ozocubu's Refrigeration  Ice            8%         4d6       93%         7


Dungeon Overview and Level Annotations

Branches:
Dungeon (15/15)            Temple (1/1) D:6            Lair (0/6) D:11
    Orc (0/2) D:11         Vaults (0/5) D:13         Depths (0/4) D:15
 Bailey (visited)           IceCv (1/1)

Altars:
Ashenzari
Cheibriados
Dithmenos
Elyvilon
Fedhas
Gozag
Hepliaklqana
Kikubaaqudgha
Makhleb
Nemelex Xobeh
Okawaru
Qazlal
Ru
Sif Muna
Trog
Uskayaw
Vehumet
Wu Jian
Xom
Yredelemnul
Zin
The Shining One

Shops:
D:7 :*==   D:10 *

Annotations:
D:4 2 transporters


Innate Abilities, Weirdness & Mutations

You have hoof-like feet.
You are partially covered in yellow scales. (AC +2)
Spells you cast and wands you use may paralyse nearby enemies.


Message History

There is an ice choked empty arch of ancient stone here.
You flicker back into view.
Aiming: Throw Flame
Press: ? - help, Shift-Dir - straight line, f - storm dragon simulacrum
Aim: a storm dragon simulacrum (89% to hit)
The puff of flame hits the storm dragon simulacrum.
The storm dragon simulacrum melts!
The storm dragon simulacrum is lightly damaged.
Malevolent energies surge around you.
You are confused.
You feel invigorated.
There is an ice covered gate leading back out of this place here.
The storm dragon simulacrum completely misses you.
The storm dragon simulacrum claws you.
The storm dragon simulacrum freezes you!
You resist.
The storm dragon simulacrum tramples you but does no damage.
The storm dragon simulacrum completely misses you.
The storm dragon simulacrum misses you.
The storm dragon simulacrum closely misses you.
You're too confused to move!
The storm dragon simulacrum barely misses you.
The storm dragon simulacrum claws you but does no damage.
The storm dragon simulacrum tramples you!
You hold your ground!
The storm dragon simulacrum misses you. x2
The storm dragon simulacrum completely misses you.
Unknown command.
You bump into the ice covered rock wall.
The storm dragon simulacrum bites you!
The storm dragon simulacrum freezes you!
You resist.
* * * LOW HITPOINT WARNING * * *
The storm dragon simulacrum claws you but does no damage.
The storm dragon simulacrum tramples you.
* * * LOW HITPOINT WARNING * * *
You hold your ground!
The storm dragon simulacrum bites you!
* * * LOW HITPOINT WARNING * * *
The storm dragon simulacrum freezes you!!
You resist.
You die...

#### ##..##
##....###
#.Z.....##..
#@ZZ∩.......
#..........#
##....##..##
##..## ##
####


You could see an ice dragon simulacrum and 2 storm dragon simulacra.

Vanquished Creatures
  Rupert (D:13)
  Louise (D:14)
  Fannar (D:11)
  2 hydras
  2 boulder beetles (D:13)
  3 centaur warriors
  5 two-headed ogres
  An orc high priest (Bailey)
  Urug (D:13)
  A fire crab (D:15)
  A wizard (D:11)
  4 orc knights
  A necromancer (D:15)
  2 deep elf pyromancers
  2 orc sorcerers
  A wolf spider (D:12)
  8 cyclopes
  A manticore (D:13)
  2 ice statues (D:15)
  2 gargoyles (D:12)
  2 efreet
  An unseen horror (D:11)
  6 kobold demonologists
  5 komodo dragons
  A queen bee (D:10)
  A troll (D:11)
  A hornet (D:10)
  5 slime creatures (D:12)
  A water elemental (D:15)
  3 wyverns
  A wraith (D:13)
  A centaur simulacrum (D:14)
  6 yaks (D:10)
  14 humans (D:13)
  Eustachio (D:4)
  2 basilisks (D:11)
  11 vampire mosquitoes
  2 steam dragons
  A warg (D:15)
  An acid dragon (D:12)
  3 water moccasins
  19 orc warriors
  5 sky beasts
  A black bear (D:6)
  5 ogres
  8 boggarts
  8 centaurs
  6 kobold brigands
  4 phantoms
  2 bullfrogs
  A necrophage (D:4)
  3 gnoll sergeants (D:11)
  3 scorpions
  A wight (D:7)
  27 killer bees
  6 electric eels
  A jelly (D:5)
  A crimson imp (D:11)
  A hound (D:5)
  8 orc priests
  Terence (D:2)
  3 iguanas
  13 orc wizards
  24 gnolls
  4 adders
  A shadow imp (D:6)
  3 white imps
  2 ufetubi
  A worm (D:3)
  4 dart slugs
  48 orcs
  7 ball pythons
  8 bats
  7 endoplasms
  5 giant cockroaches
  10 hobgoblins
  A quokka (D:3)
  4 frilled lizards
  19 goblins
  23 kobolds
  7 rats
416 creatures vanquished.

Vanquished Creatures (collateral kills)
  2 killer bees
  A foxfire (D:13)
3 creatures vanquished.

Vanquished Creatures (others)
  2 water elementals (D:13)
  An electric eel (D:13)
  539 foxfires
  35 plants (D:13)
  2 withered plants (D:15)
579 creatures vanquished.

Grand Total: 998 creatures vanquished

Notes
Turn   | Place    | Note
-------+----------+-------------------------------------------
     0 | D:1      | bjtr the Demonspawn Fire Elementalist began the quest for
                  | the Orb.
     0 | D:1      | Reached XP level 1. HP: 13/13 MP: 3/3
   345 | D:1      | Reached skill level 3 in Fire Magic
   366 | D:1      | You fall into a shaft and drop 1 floor!
   490 | D:2      | Gained mutation: Spells you cast may paralyse adjacent
                  | enemies. [demonic ancestry]
   490 | D:2      | Reached XP level 2. HP: 19/19 MP: 3/5
   713 | D:2      | Noticed Terence
   842 | D:1      | Learned a level 2 spell: Scorch
  1609 | D:2      | Killed Terence
  1610 | D:2      | Reached skill level 1 in Armour
  1610 | D:2      | Gained mutation: Spells you cast may paralyse nearby
                  | enemies. [demonic ancestry]
  1610 | D:2      | Reached XP level 3. HP: 3/24 MP: 0/6
  2632 | D:3      | Reached XP level 4. HP: 22/30 MP: 4/7
  2713 | D:3      | Found a faded altar of an unknown god.
  3444 | D:3      | Gained mutation: You have large cloven feet. [demonic
                  | ancestry]
  3444 | D:3      | Reached XP level 5. HP: 34/35 MP: 9/9
  3463 | D:3      | Identified the +8 mace of Valuable Assets {elec, Str+2
                  | SInv}
  3763 | D:3      | Learned a level 2 spell: Searing Ray
  3767 | D:3      | Learned a level 3 spell: Conjure Flame
  3769 | D:3      | Learned a level 1 spell: Summon Small Mammal
  3780 | D:4      | Noticed Eustachio
  3780 | D:4      | Found a transporter.
  4060 | D:4      | Killed Eustachio
  4061 | D:4      | Reached skill level 4 in Fire Magic
  4061 | D:4      | Gained mutation: You are partially covered in yellow
                  | scales. (AC +2) [demonic ancestry]
  4061 | D:4      | Reached XP level 6. HP: 24/41 MP: 2/11
  4267 | D:4      | Found a transporter.
  5101 | D:5      | Entered Level 5 of the Dungeon
  5154 | D:5      | Noticed a sky beast
  5160 | D:5      | Killed a sky beast
  5268 | D:5      | Reached XP level 7. HP: 46/46 MP: 6/13
  5331 | D:5      | Learned a level 3 spell: Mephitic Cloud
  5530 | D:5      | Reached skill level 5 in Fire Magic
  5791 | D:5      | Reached skill level 1 in Poison Magic
  6129 | D:5      | Reached skill level 5 in Spellcasting
  6129 | D:5      | Reached XP level 8. HP: 52/52 MP: 9/15
  6178 | D:5      | Reached skill level 6 in Fire Magic
  6592 | D:5      | Learned a level 3 spell: Ignite Poison
  7107 | D:6      | Reached skill level 7 in Fire Magic
  7343 | D:6      | Reached XP level 9. HP: 57/57 MP: 11/18
  7348 | D:6      | Learned a level 4 spell: Flame Wave
  7753 | D:6      | Found a staircase to the Ecumenical Temple.
  7951 | D:7      | Found Nas Sedib's Book Shoppe.
  8558 | D:7      | Found Valoid Bekh's Jewellery Shop.
  8850 | Temple   | Entered the Ecumenical Temple
  9134 | Temple   | Became a worshipper of Vehumet
  9275 | D:7      | Found Ingagg's Assorted Antiques.
  9282 | D:7      | Bought an ivory hunting sling for 143 gold pieces
  9282 | D:7      | Identified the +5 hunting sling of Ylonk {vorpal, rPois}
                  | (You bought it in a shop on level 7 of the Dungeon)
  9282 | D:7      | Bought a scroll labelled OBE ZACWEHUSUA for 22 gold pieces
  9282 | D:7      | Bought a fizzy golden potion for 19 gold pieces
  9525 | D:7      | Found Lidutaj's Jewellery Shop.
  9762 | D:7      | Reached skill level 8 in Fire Magic
  9989 | D:8      | Found a snail-covered altar of Cheibriados.
 10544 | D:8      | Found a shimmering altar of Xom.
 10545 | D:8      | Found a shimmering altar of Xom.
 10546 | D:8      | Found a shimmering altar of Xom.
 10549 | D:8      | Found a shimmering altar of Xom.
 10550 | D:8      | Found a shimmering altar of Xom.
 10550 | D:8      | Found a shimmering altar of Xom.
 10550 | D:8      | Found a shimmering altar of Xom.
 10550 | D:8      | Found a shimmering altar of Xom.
 10587 | D:8      | Identified a scroll of acquirement
 10587 | D:8      | Acquired 1231 gold pieces
 10644 | D:7      | Bought the ring "Vuni" {Wiz rPois rN+ Str+4 Int+4} for 746
                  | gold pieces
 10697 | D:7      | Bought an amulet of the acrobat for 300 gold pieces
 12469 | D:10     | Entered Level 10 of the Dungeon
 12501 | D:10     | Noticed a two-headed ogre
 12508 | D:10     | Killed a two-headed ogre
 12509 | D:10     | Reached skill level 9 in Fire Magic
 12509 | D:10     | Reached skill level 1 in Air Magic
 12509 | D:10     | Reached skill level 5 in Poison Magic
 12509 | D:10     | Reached XP level 10. HP: 63/63 MP: 9/21
 12541 | D:10     | Reached * piety under Vehumet
 12541 | D:10     | Offered knowledge of Sandblast by Vehumet.
 12760 | D:10     | Found a flagged portal.
 12769 | Bailey   | Entered a bailey
 13146 | Bailey   | Noticed an orc knight
 13176 | Bailey   | Killed an orc knight
 13257 | Bailey   | Reached ** piety under Vehumet
 13257 | Bailey   | Offered knowledge of Static Discharge by Vehumet.
 13631 | Bailey   | Reached skill level 5 in Conjurations
 13735 | Bailey   | Noticed an orc sorcerer
 13742 | Bailey   | Found an iron altar of Okawaru.
 13821 | Bailey   | Killed an orc sorcerer
 13822 | Bailey   | Reached skill level 10 in Fire Magic
 13823 | Bailey   | Identified the +5 spear "Tieb" {pain, rElec Str-4 Dex+10
                  | SInv}
 13823 | Bailey   | Noticed an orc high priest
 13827 | Bailey   | Noticed a rust devil
 13855 | Bailey   | Killed an orc high priest
 13856 | Bailey   | Gained mutation: Spells you cast and wands you use may
                  | paralyse nearby enemies. [demonic ancestry]
 13856 | Bailey   | Reached XP level 11. HP: 25/68 MP: 11/23
 14451 | Bailey   | Learned a level 4 spell: Olgreb's Toxic Radiance
 14752 | D:10     | Found Weniros's Assorted Antiques.
 14755 | D:10     | Bought an ancient cloak for 256 gold pieces
 14755 | D:10     | Identified the +2 cloak of Midwinter {Str+2 SInv} (You
                  | bought it in a shop on level 10 of the Dungeon)
 15016 | Temple   | Acquired 890 gold pieces
 15018 | Temple   | Acquired the amulet of Zorotz {Faith Fragile +Inv rF+ rN+++
                  | Will-}
 15326 | D:10     | Offered knowledge of Stone Arrow by Vehumet.
 15332 | D:10     | Learned a level 4 spell: Iskenderun's Mystic Blast
 15375 | D:10     | Identified the +7 flail "Vanuosm" {freeze, rF+ Will- Int+5
                  | Dex-3}
 16038 | D:11     | Reached *** piety under Vehumet
 16050 | D:11     | Reached skill level 11 in Fire Magic
 16199 | D:11     | Found a staircase to the Lair.
 16424 | D:11     | Reached skill level 5 in Armour
 16531 | D:11     | Offered knowledge of Sticky Flame by Vehumet.
 16699 | D:11     | Found a staircase to the Orcish Mines.
 18449 | D:11     | Noticed a wizard
 18454 | D:11     | Killed a wizard
 18455 | D:11     | Reached XP level 12. HP: 74/74 MP: 12/25
 18457 | D:11     | Reached **** piety under Vehumet
 18627 | D:11     | Acquired the ring of Sudiemn {Fly rC+ Slay+2 Stlth+}
 18682 | D:11     | Noticed Fannar
 18692 | D:11     | Killed Fannar
 19195 | D:12     | Reached skill level 10 in Spellcasting
 19237 | D:12     | Noticed a five-headed hydra
 19237 | D:12     | Noticed a two-headed ogre
 19244 | D:12     | Killed a five-headed hydra
 19245 | D:12     | Killed a two-headed ogre
 19649 | D:12     | Offered knowledge of Irradiate by Vehumet.
 20285 | D:12     | Reached skill level 12 in Fire Magic
 20864 | D:13     | Noticed a centaur warrior
 20864 | D:13     | Noticed a boulder beetle
 20864 | D:13     | Noticed Rupert
 20864 | D:13     | Noticed Urug
 20864 | D:13     | Found a gate to the Vaults.
 20942 | D:13     | Reached skill level 1 in Fighting
 21028 | D:13     | Noticed a two-headed ogre
 21044 | D:13     | Killed a two-headed ogre
 21200 | D:13     | Noticed a boulder beetle
 21205 | D:13     | Killed a boulder beetle
 21369 | D:13     | Killed a centaur warrior
 21413 | D:13     | Noticed a two-headed ogre
 21422 | D:13     | Killed a two-headed ogre
 21820 | D:13     | Gained mutation: You have hoof-like feet. [demonic
                  | ancestry]
 21820 | D:13     | Reached XP level 13. HP: 82/82 MP: 22/28
 22421 | D:13     | Learned a level 5 spell: Irradiate
 23518 | D:13     | Killed Rupert
 23801 | D:13     | Killed Urug
 24099 | D:14     | Noticed Louise
 24109 | D:14     | Killed Louise
 24481 | D:14     | Found a shadowy altar of Dithmenos.
 24631 | D:14     | Reached skill level 13 in Fire Magic
 25057 | D:15     | Entered Level 15 of the Dungeon
 25208 | D:15     | Found a frozen archway.
 25223 | D:15     | Reached ***** piety under Vehumet
 25224 | D:15     | Offered knowledge of Orb of Destruction by Vehumet.
 25227 | D:15     | Reached skill level 10 in Poison Magic
 25407 | IceCv    | Entered an ice cave
 25418 | IceCv    | Mangled by a storm dragon simulacrum

Illustrated notes

Levels and vault maps discovered:
D:1:      minmay_arrival_open_corners, layout_basic
D:2:      minmay_general_purpose_star, layout_loops_ring, uniq_terence
D:3:      minmay_razor_zed, layout_basic, basic_ecumenical_altar, st_stairs_12,
          grunt_ministairs_7
D:4:      gammafunk_steamed_eel, layout_cave_pools, uniq_eustachio
D:5:      layout_gridville
D:6:      layout_cave_pods, minmay_temple_entry_from_below_a, st_stairs_4
D:7:      layout_basic, serial_shops, nicolae_stop_n_shop_2,
          nicolae_stop_n_shop_1, kennysheep_little_box, shop,
          kennysheep_generic_room_12
D:8:      layout_rooms, xom_redecorated, cheibriados_altar_1
D:9:      layout_long_grid
D:10:     layout_roguey [special_room_bee], enter_bailey_2, serial_shops,
          nicolae_shop_behind_doors, minivault_1
D:11:     layout_gridville, erik_lair_dragon,
          kennysheep_orc_monster_closet_entryway, lightli_wizard_tower,
          uniq_fannar
D:12:     layout_roguey, minmay_checkerbox
D:13:     layout_gridville, david_vaults_3, serial_bayou_lake_a
D:14:     layout_grid_maze, minmay_holes, nicolae_dithmenos_the_darkroom,
          uniq_louise
D:15:     gammafunk_depths_entry_grave, layout_basic, serial_curves,
          eino_curves_03, eino_curves_03, portal_ice_cave_entry_ice_statue_two,
          skrybe_limestone_x
Temple:   mainiacjoe_temple_cubbyholes
IceCv:    ice_cave_small_dragons

Skill      XL: |  1  2  3  4  5  6  7  8  9 10 11 12 13 |
---------------+----------------------------------------+-----
Fire Magic     | 3 4 5 7 9 10 11 12 13 | 13.3
Armour         | 1 2 3 4 5 6 |  6.2
Spellcasting   | 3 4 5 6 7 8 9 11 | 11.9
Conjurations   | 2 3 4 5 6 8 |  8.2
Poison Magic   | 1 3 5 6 8 9 10 | 10.1
Air Magic      | 1 2 |  2.0
Fighting       | 1 |  1.8
Dodging        | 2 |  2.0
Stealth        | |  1.7

Action                   |  1- 3 |  4- 6 |  7- 9 | 10-12 | 13-15 || total
-------------------------+-------+-------+-------+-------+-------++-------
Melee: Morningstar       |    28 |     1 |       |       |       ||    29
       Mace              |       |    60 |    63 |    89 |    19 ||   231
       Kick              |       |     7 |     8 |    22 |     3 ||    40
       Punch             |       |       |       |     1 |       ||     1
 Fire: Hunting sling     |    16 |     3 |    16 |    17 |     2 ||    54
 Cast: Foxfire           |    50 |    41 |    96 |    55 |    67 ||   309
       Scorch            |     3 |    22 |    58 |    93 |    41 ||   217
       Searing Ray       |       |     2 |     4 |     2 |     2 ||    10
       Mephitic Cloud    |       |       |    23 |    79 |    26 ||   128
       Ignite Poison     |       |       |    13 |    59 |    31 ||   103
       Flame Wave        |       |       |     1 |     1 |       ||     2
       Olgreb's Toxic Ra |       |       |       |    13 |    12 ||    25
       Iskenderun's Myst |       |       |       |     1 |       ||     1
       Irradiate         |       |       |       |       |     1 ||     1
Evoke: Wand              |       |       |       |     5 |     2 ||     7
  Use: Scroll            |     7 |     7 |     8 |     9 |     7 ||    38
       Potion            |     1 |     3 |       |     5 |     5 ||    14
 Stab: Paralysed         |     3 |     4 |     6 |     7 |     2 ||    22
       Sleeping          |       |     3 |     1 |       |       ||     4
       Confused          |       |       |     2 |     2 |       ||     4
Armor: Acid dragon scale |    22 |    49 |    42 |    45 |    33 ||   191
Dodge: Dodged            |    27 |    45 |    69 |   105 |    36 ||   282

Table legend: (Time is in decaauts)
 A = Elapsed time spent in this place.
 B = Non-inter-level travel time spent in this place.
 C = Inter-level travel time spent in this place.
 D = Time resting spent in this place.
 E = Time spent auto-exploring this place.
 F = Levels seen in this place.
 G = Mean time per level.
                   A        B        C        D        E       F      G
               +--------+--------+--------+--------+--------+-----+--------+
         Total |  25545 |  24502 |   1043 |   9328 |  11252 |  18 | 1419.2 |
       Dungeon |  23432 |  22447 |    985 |   8388 |  10629 |  15 | 1562.1 |
        Temple |    385 |    327 |     58 |      0 |    278 |   1 |  385.0 |
        Bailey |   1717 |   1717 |      0 |    939 |    345 |   1 | 1717.0 |
      Ice Cave |     10 |     10 |      0 |      0 |      0 |   1 |   10.0 |
               +--------+--------+--------+--------+--------+-----+--------+

Top non-repeatable levels by time:
    D:11: 3158 daAuts
    D:13: 3037 daAuts
     D:7: 2368 daAuts
    D:12: 1777 daAuts
  Bailey: 1717 daAuts
     D:3: 1671 daAuts
     D:5: 1503 daAuts
    D:10: 1470 daAuts
     D:6: 1395 daAuts
    D:14: 1241 daAuts
     D:1: 1205 daAuts
     D:2: 1194 daAuts
     D:4: 1076 daAuts
     D:9: 1057 daAuts
     D:8: 1046 daAuts
